 Dungeon Crawl Stone Soup version 0.23.2-40-g277498a001 (webtiles) character file.

Game seed: 13517111566465198089

73 FishyPogo the Sneak (level 4, -3/54 HPs)
             Began as a Naga Enchanter on Aug 13, 2019.
             Slain by a gnoll (7 damage)
             ... on level 2 of the Dungeon.
             The game lasted 00:09:15 (1789 turns).

FishyPogo the Sneak (Naga Enchanter)                Turns: 1789, Time: 00:09:15

Health: -3/54      AC:  2    Str: 16    XL:     4   Next: 27%
Magic:  1/7        EV: 10    Int: 15    God:
Gold:   157        SH:  0    Dex: 12    Spells: 3/7 levels left

rFire    . . .     SeeInvis +   a - +2 dagger (vamp)
rCold    . . .     Gourm    .   (no shield)
rNeg     . . .     Faith    .   l - +0 robe
rPois    +         Spirit   .   (no helmet)
rElec    .         Reflect  .   (no cloak)
rCorr    .         Harm     .   (no gloves)
MR       .....                  (no barding)
Stlth    ..........             (no amulet)
HPRegen  0.18/turn              (no ring)
MPRegen  0.10/turn              (no ring)

@: berserking, lightly drained, quick
A: large, see invisible, deformed body, poison resistance, slowness 2, slow
metabolism 1, spit poison 1, AC +1
a: Spit Poison


You were on level 2 of the Dungeon.
You were not hungry.

You visited 1 branch of the dungeon, and saw 2 of its levels.

You collected 157 gold pieces.

Inventory:

Hand Weapons
 a - a +2 vampiric dagger (weapon)
Missiles
 i - 76 stones (quivered)
Armour
 l - a +0 robe (worn)
Scrolls
 b - a scroll of identify {unknown}
 e - a scroll of blinking {unknown}
 f - 2 scrolls of remove curse {unknown}
 g - a scroll of random uselessness {unknown}
 j - a scroll of enchant armour {unknown}
 k - a scroll of teleportation {unknown}
 n - a scroll of enchant weapon {unknown}
 q - a scroll of immolation {unknown}
Potions
 c - 4 potions of curing {unknown}
 h - a potion of resistance {unknown}
 m - a potion of mutation {unknown}
Comestibles
 d - a ration
 o - a chunk of flesh


   Skills:
 * Level 1.7(1.6) Short Blades
 + Level 1.9(1.8) Dodging
 + Level 5.4(5.2) Stealth
 + Level 2.4(2.3) Spellcasting
 * Level 3.7(3.6) Hexes


You had 3 spell levels left.
You knew the following spells:

 Your Spells              Type           Power        Failure   Level  Hunger
a - Corona                Hex            ##.....      4%          1    #......
b - Tukima's Dance        Hex            ##......     14%         3    ###....

Your spell library contained the following spells:

 Spells                   Type           Power        Failure   Level  Hunger
 Confuse                  Hex            ##......     14%         3    ###....
 Ensorcelled Hibernation  Hex/Ice        #.....       16%         2    ###....
 Dazzling Spray           Conj/Hex       #.....       30%         3    ###....


Dungeon Overview and Level Annotations

Branches:
Dungeon (2/15)

Altars:


Innate Abilities, Weirdness & Mutations

You cannot wear boots.
Your serpentine skin is tough. (AC +1)
You have supernaturally acute eyesight. (SInv)
Armour fits poorly on your strangely shaped body.
Your system is resistant to poisons. (rPois)
You cover ground very slowly.
You have a slow metabolism.
You can spit poison.


Message History

The gnoll hits you from afar with a +0 spear.
* * * LOW HITPOINT WARNING * * *
Casting: Tukima's Dance (safe; 16% risk of failure)
Confirm with . or Enter, or press ? or * to list all spells.
Aiming: Tukima's Dance (safe; 16% risk of failure)
Press: ? - help, Shift-Dir - straight line, f/p - gnoll
Aim: a gnoll, wielding a +0 spear (chance to defeat MR: 57%)
The +0 spear dances into the air!
The gnoll hits you.
* * * LOW HITPOINT WARNING * * *
It was a potion of berserk rage.
A red film seems to cover your vision as you go berserk!
You feel yourself moving faster!
You feel mighty!
You have got your breath back.
The gnoll barely misses you. The gnoll hits you!
* * * LOW HITPOINT WARNING * * *
You puncture the gnoll!
You feel better.
You kill the gnoll!
Your +0 spear hits the gnoll.
You barely miss the gnoll. The gnoll hits you!
You die...

#....# #.#. #....#
.####.#.##....#
........##....####
........##.......#
........##.......#
........##.......#
......(.##.......#
.......ggg@......#
.....!..##†......#
.######.######...#
.######)#######'##
.......g..##(....#
######....##.....#
#....##.....#
#....##.....#
#....##.....#


You could see 2 gnolls, a hobgoblin and a friendly +0 spear.

Vanquished Creatures
  2 gnolls (D:2)
  2 adders (D:2)
  An ooze (D:1)
  A dart slug (D:1)
  A leopard gecko (D:1)
  2 giant cockroaches (D:1)
  3 goblins (D:1)
  3 hobgoblins
  A ball python (D:2)
  3 bats
  6 kobolds
  3 rats (D:1)
28 creatures vanquished.

Notes
Turn   | Place    | Note
-------+----------+-------------------------------------------
     0 | D:1      | FishyPogo the Naga Enchanter began the quest for the Orb.
     0 | D:1      | Reached XP level 1. HP: 15/15 MP: 3/3
   553 | D:1      | Reached XP level 2. HP: 22/22 MP: 5/5
   686 | D:1      | Reached skill level 5 in Stealth
   988 | D:1      | Reached XP level 3. HP: 20/28 MP: 6/6
   993 | D:1      | Learned a level 3 spell: Tukima's Dance
  1775 | D:2      | Reached XP level 4. HP: 23/36 MP: 7/7
  1787 | D:2      | HP: 2/54 [gnoll (8)]
  1789 | D:2      | Slain by a gnoll

Skill      XL: |  1  2 |
---------------+-------+-----
Stealth        | 5 |  5.4
Short Blades   | |  1.7
Dodging        | |  1.9
Spellcasting   | |  2.4
Hexes          | |  3.7

Action                   |  1- 3 |  4- 6 || total
-------------------------+-------+-------++-------
Melee: Dagger            |    67 |     6 ||    73
 Cast: Corona            |     1 |       ||     1
       Tukima's Dance    |       |     2 ||     2
 Abil: Spit Poison       |    18 |     1 ||    19
  Use: Potion            |       |     1 ||     1
 Stab: Sleeping          |     5 |       ||     5
  Eat: Ration            |     2 |       ||     2
       Chunk             |     1 |       ||     1
Armor: Robe              |    10 |     1 ||    11
Dodge: Dodged            |    35 |     6 ||    41
